 Dungeon Crawl Stone Soup version 0.29.1-12-g30fa7ad0bf (webtiles) character file.

Game seed: 16690951408621355654

891 safid the Skirmisher (level 7, -11/67 HPs)
             Began as a Minotaur Hunter on Dec 19, 2022.
             Was an Initiate of Okawaru.
             Mangled by Duvessa
             ... wielding a +0 short sword
              (13 damage)
             ... on level 5 of the Dungeon.
             The game lasted 00:10:12 (4536 turns).

safid the Skirmisher (Minotaur Hunter)              Turns: 4536, Time: 00:10:12

Health: -11/67     AC:  4    Str: 15    XL:     7   Next: 78%
Magic:  0/6        EV: 12    Int:  6    God:    Okawaru [......]
Gold:   235        SH:  0    Dex: 16    Spells: 6/6 levels left

rFire   . . .      SeeInvis .   a - +0 shortbow
rCold   . . .      Faith    .   (shield currently unavailable)
rNeg    . . .      Spirit   +   c - +0 leather armour
rPois   .          Reflect  .   (helmet restricted)
rElec   .          Harm     .   (no cloak)
rCorr   .          Rampage  .   (no gloves)
Will    .....                   j - +0 pair of boots
Stlth   +.........              h - amulet of guardian spirit
HPRegen 0.21/turn               (no ring)
MPRegen 0.10/turn               (no ring)

@: no status effects
A: horns 2, retaliatory headbutt
a: Renounce Religion


You were on level 5 of the Dungeon.
You worshipped Okawaru.
Okawaru was noncommittal.
You visited 2 branches of the dungeon, and saw 6 of its levels.
You also visited: Sewer and Ossuary.

You collected 235 gold pieces.

Inventory:

Hand Weapons
 a - a +0 shortbow (weapon)
Missiles
 n - a curare-tipped dart
Armour
 c - a +0 leather armour (worn)
 j - a +0 pair of boots (worn)
Jewellery
 h - an amulet of guardian spirit (around neck)
Wands
 q - a wand of iceblast (11)
Scrolls
 b - a scroll of immolation
 d - 3 scrolls of poison
 e - a scroll of teleportation
 f - 7 scrolls of identify {unknown}
 u - a scroll of fog {unknown}
 w - a scroll of noise {unknown}
 x - a scroll of fear {unknown}
Potions
 g - 2 potions of haste {unknown}
 i - a potion of might {unknown}
 k - 2 potions of brilliance {unknown}
 l - a potion of lignification {unknown}
 m - a potion of curing
 o - 2 potions of flight
 p - a potion of invisibility {unknown}
 s - 2 potions of resistance {unknown}
 t - a potion of magic {unknown}
 v - 2 potions of degeneration {unknown}


   Skills:
 + Level 7.8 Fighting
 + Level 8.2 Ranged Weapons
 - Level 2.1 Dodging
 - Level 0.7 Stealth


You had 6 spell levels left.
You didn't know any spells.
Your spell library contained the following spells:

 Spells                   Type           Power      Damage    Failure   Level
 Apportation              Tloc           0%         N/A       52%         1
 Leda's Liquefaction      Hex/Erth       0%         N/A       99%         4
 Alistair's Intoxication  Tmut/Pois      0%         N/A       100%        5
 Lee's Rapid Deconstruct  Erth           0%         3d5*      100%        5
 Eringya's Noxious Bog    Tmut/Pois      0%         N/A       100%        6
 Statue Form              Tmut/Erth      0%         N/A       100%        6
 Summon Forest            Summ/Tloc      Unusable   N/A       N/A         5
 Summon Hydra             Summ           Unusable   N/A       N/A         7

Dungeon Overview and Level Annotations

Branches:
Dungeon (5/15)             Temple (1/1) D:4           Sewer (visited)
Ossuary (visited)

Altars:
Ashenzari
Cheibriados
Dithmenos
Fedhas
Hepliaklqana
Kikubaaqudgha
Makhleb
Nemelex Xobeh
Okawaru
Qazlal
Ru
Sif Muna
Trog
Uskayaw
Wu Jian
Xom
Yredelemnul
Zin

Annotations:
D:2 1 runed translucent door, Crazy Yiuf
D:5 Duvessa


Innate Abilities, Weirdness & Mutations

You have a pair of horns on your head.
You reflexively headbutt those who attack you in melee.


Message History

Your surroundings seem slightly different.
A scorpion comes into view.
Fire: a) +0 shortbow
Press: ? - help, Q - select action, (/) - cycle Shift-Dir - straight line, f/p - Duvessa
Aim: Duvessa, wielding a +0 short sword and wearing a +1 leather armour of poison resistance (heavily wounded, berserk, 70% to hit)
You shoot an arrow. The arrow closely misses Duvessa.
Unknown command.
Fire: a) +0 shortbow
Press: ? - help, Q - select action, (/) - cycle Shift-Dir - straight line, f/p - Duvessa
Aim: Duvessa, wielding a +0 short sword and wearing a +1 leather armour of poison resistance (heavily wounded, berserk, 70% to hit)
You shoot an arrow. The arrow hits Duvessa!
Duvessa is heavily wounded.
Duvessa closely misses you. You furiously retaliate!
You headbutt Duvessa! Duvessa closely misses you.
Unknown command.
Fire: a) +0 shortbow
Press: ? - help, Q - select action, (/) - cycle Shift-Dir - straight line, f/p - Duvessa
Aim: Duvessa, wielding a +0 short sword and wearing a +1 leather armour of poison resistance (severely wounded, berserk, 70% to hit)
You shoot an arrow.
The arrow hits Duvessa but does no damage.
Duvessa is severely wounded.
Duvessa hits you with a +0 short sword!
* * * LOW HITPOINT WARNING * * *
Duvessa hits you with a +0 short sword!
* * * LOW HITPOINT WARNING * * *
Unknown command.
Fire: a) +0 shortbow
Press: ? - help, Q - select action, (/) - cycle Shift-Dir - straight line, f/p - Duvessa
Aim: Duvessa, wielding a +0 short sword and wearing a +1 leather armour of poison resistance (severely wounded, berserk, 70% to hit)
You shoot an arrow. The arrow hits Duvessa.
Duvessa is severely wounded.
Duvessa hits you with a +0 short sword.
* * * LOW HITPOINT WARNING * * *
Fire: a) +0 shortbow
Press: ? - help, Q - select action, (/) - cycle Shift-Dir - straight line, f/p - Duvessa
Aim: Duvessa, wielding a +0 short sword and wearing a +1 leather armour of poison resistance (severely wounded, berserk, 70% to hit)
You shoot an arrow. The arrow hits Duvessa.
Duvessa is almost dead.
Duvessa hits you with a +0 short sword!
You die...

....$......
#..........
#..........
#..........
#..........
#..........
#....######
#.e..#
#.@..#
#...s.....
#.###.....
#. ..... #.
... .. ..
.. . ...


You could see Duvessa (berserk) and a scorpion.

Vanquished Creatures
  A sky beast (D:4)
  2 kobold brigands (Sewer)
  A scorpion (D:4)
  Dowan (D:5)
  A howler monkey (D:4)
  2 centaur zombies (Ossuary)
  A hound (D:4)
  An orc priest (D:4)
  2 orc wizards
  An iguana (D:4)
  5 mummies (Ossuary)
  7 gnolls
  6 adders
  A river rat (Sewer)
  2 worms
  3 dart slugs
  4 orcs
  7 bats
  11 endoplasms
  3 giant cockroaches
  13 goblins
  7 hobgoblins
  6 jackals
  5 quokkas
  A ball python (D:1)
  3 frilled lizards
  4 hobgoblin zombies (Ossuary)
  10 kobolds
  19 rats
130 creatures vanquished.

Vanquished Creatures (others)
  3 plants (D:4)
3 creatures vanquished.

Grand Total: 133 creatures vanquished

Notes
Turn   | Place    | Note
-------+----------+-------------------------------------------
     0 | D:1      | safid the Minotaur Hunter began the quest for the Orb.
     0 | D:1      | Reached XP level 1. HP: 18/18 MP: 0/0
   148 | D:1      | Reached XP level 2. HP: 25/25 MP: 1/1
   198 | D:1      | Found a faded altar of an unknown god.
   839 | D:2      | Reached skill level 5 in Ranged Weapons
   839 | D:2      | Reached XP level 3. HP: 31/31 MP: 2/2
  1166 | D:2      | Reached XP level 4. HP: 24/40 MP: 3/3
  1695 | D:2      | Found a runed translucent door.
  1696 | D:2      | Noticed Crazy Yiuf
  1969 | D:3      | Reached XP level 5. HP: 47/47 MP: 4/4
  1970 | D:3      | Found a glowing drain.
  1979 | Sewer    | Entered a sewer
  2047 | Sewer    | Reached skill level 5 in Fighting
  2047 | Sewer    | Reached skill level 6 in Ranged Weapons
  2049 | Sewer    | Reached XP level 6. HP: 25/57 MP: 1/5
  2263 | Sewer    | Found a white marble altar of Elyvilon.
  3013 | D:4      | Reached skill level 7 in Ranged Weapons
  3063 | D:4      | Reached XP level 7. HP: 39/64 MP: 2/6
  3216 | D:4      | Found a staircase to the Ecumenical Temple.
  3219 | D:4      | Found a sand-covered staircase.
  3229 | Ossuary  | Entered an ossuary
  3377 | Ossuary  | HP: 1/66 [mummy (15)]
  3744 | Temple   | Entered the Ecumenical Temple
  3898 | Temple   | Became a worshipper of Warmaster Okawaru
  4090 | D:4      | Found a bloodstained altar of Trog.
  4092 | D:4      | Identified the +6 mace of Yredelemnul's Pride {vamp, rF-
                  | rN++ Str+2 Stlth+}
  4210 | D:4      | Reached skill level 8 in Ranged Weapons
  4434 | D:5      | Entered Level 5 of the Dungeon
  4438 | D:5      | Noticed Duvessa
  4438 | D:5      | Noticed Dowan
  4446 | D:5      | Killed Dowan
  4454 | D:5      | HP: 2/67 [Duvessa/+0 short sword (15)]
  4535 | D:5      | HP: 2/67 [Duvessa/+0 short sword (3)]
  4536 | D:5      | Mangled by Duvessa

Illustrated notes

Levels and vault maps discovered:
D:1:      lemuel_arrival_lava_pool, layout_basic,
          shapermc_ecumenical_altar_pompeii, amethyst_killhole
D:2:      layout_rooms, uniq_crazy_yiuf_cottage
D:3:      layout_loops_ring, portal_sewer_entry_d
D:4:      corexii_shack_village, layout_loops_ring, trog_three_pillars_becter,
          minmay_temple_entry_statues_pillars, nicolae_ossuary_entry_ruins
D:5:      layout_basic, serial_bayou_pond_e, minmay_holes,
          kennysheep_generic_room_9, uniq_sigmund, uniq_duvessa
Temple:   nicolae_temple_bog_church

Skill      XL: |  1  2  3  4  5  6  7 |
---------------+----------------------+-----
Fighting       | 3 4 5 6 7 |  7.8
Ranged Weapons | 5 6 7 8 |  8.2
Dodging        | |  2.1
Stealth        | |  0.7

Action                   |  1- 3 |  4- 6 |  7- 9 || total
-------------------------+-------+-------+-------++-------
 Fire: Shortbow          |    87 |   189 |   128 ||   404
  Use: Potion            |       |     3 |     4 ||     7
       Scroll            |       |     1 |     2 ||     3
Armor: Leather armour    |     9 |    26 |    15 ||    50
Dodge: Dodged            |    30 |    80 |    29 ||   139
